 Dungeon Crawl Stone Soup version 0.29-a0-322-g68df515428 (webtiles) character file.

Game seed: 3088769979121231883

3018 dianekeaton the Bludgeoner (level 9, -2/105 HPs)
             Began as a Minotaur Fighter on Apr 8, 2022.
             Was a Believer of Okawaru.
             Slain by an orc warrior
             ... wielding a +0 short sword
              (7 damage)
             ... on level 8 of the Dungeon on Apr 9, 2022.
             The game lasted 00:33:25 (9005 turns).

dianekeaton the Bludgeoner (Minotaur Fighter)       Turns: 9005, Time: 00:33:26

Health: -2/105     AC: 16    Str: 23    XL:     9   Next: 55%
Magic:  8/8        EV:  7    Int:  7    God:    Okawaru [**....]
Gold:   573        SH:  5    Dex: 12    Spells: 8/8 levels left

rFire   + . .      SeeInvis .   g - +7 mace of Evisceration {speed, rN+ Will+ Int+2}
rCold   + . .      Faith    .   c - +1 buckler
rNeg    + . .      Spirit   .   y - +0 chain mail
rPois   .          Reflect  .   (helmet restricted)
rElec   .          Harm     .   j - +1 cloak
rCorr   .          Rampage  .   f - +4 pair of gloves "Damat" {rC+ Stlth+}
Will    +....                   (no boots)
Stlth   ..........              (no amulet)
HPRegen 0.27/turn               i - ring of protection from fire
MPRegen 0.11/turn               (no ring)

@: mighty, berserking, lethally poisoned (-2 -> -11), slowed
A: horns 2, retaliatory headbutt
a: Renounce Religion, Heroism


You were on level 8 of the Dungeon.
You worshipped Okawaru.
Okawaru was pleased with you.
You visited 2 branches of the dungeon, and saw 9 of its levels.
You also visited: Ossuary.

You collected 573 gold pieces.

Inventory:

Hand Weapons
 a - a +2 flail
 d - a +4 quarterstaff of chaos
 g - the +7 mace of Evisceration (weapon) {speed, rN+ Will+ Int+2}
   (You found it on level 4 of the Dungeon)

   Attacks with this weapon are significantly faster.
   Int:       It affects your intelligence (+2).
   rN:        It protects you from negative energy.
   Will:      It increases your willpower.
Missiles
 r - an atropa-tipped dart (quivered)
 C - 2 poisoned darts
Armour
 c - a +1 buckler (worn)
 f - the +4 pair of gloves "Damat" (worn) {rC+ Stlth+}
   (You acquired it on level 1 of the Dungeon)

   rC:        It protects you from cold.
   Stlth:     It makes you more stealthy.
 j - a +1 cloak (worn)
 y - a +0 chain mail (worn)
Jewellery
 e - a +4 ring of slaying
 i - a ring of protection from fire (left hand)
 s - an amulet of guardian spirit
 t - an amulet of faith
 F - a +4 ring of protection
Scrolls
 b - 2 scrolls of fog
 k - a scroll of blinking
 l - a scroll of amnesia
 q - a scroll of identify
 E - a scroll of enchant armour
Potions
 h - a potion of brilliance
 n - a potion of ambrosia {unknown}
 o - 2 potions of mutation {unknown}
 p - 3 potions of attraction {unknown}
 u - a potion of curing
 v - 2 potions of haste {unknown}
 x - 2 potions of lignification {unknown}
 z - a potion of degeneration {unknown}
 A - a potion of invisibility {unknown}
 B - 2 potions of heal wounds {unknown}


   Skills:
 - Level 3.6 Fighting
 * Level 15.2 Maces & Flails
 + Level 3.0 Throwing
 - Level 3.6 Armour
 - Level 0.7 Dodging
 - Level 3.6 Shields


You had 8 spell levels left.
You didn't know any spells.
Your spell library contained the following spells:

 Spells                   Type           Power      Damage    Failure   Level
 Passage of Golubria      Tloc           0%         N/A       100%        4
 Silence                  Hex/Air        0%         N/A       100%        5
 Lehudib's Crystal Spear  Conj/Erth      0%         10d2      100%        8


Dungeon Overview and Level Annotations

Branches:
Dungeon (8/15)             Temple (1/1) D:6         Ossuary (visited)
   Lair: D:8-11

Altars:
Elyvilon
Gozag
Makhleb
Nemelex Xobeh
Okawaru
Qazlal
Sif Muna
Uskayaw
Wu Jian
Xom

Shops:
D:5 =   D:7 [

Annotations:
D:6 Menkaure
D:8 Erica, Gastronok


Innate Abilities, Weirdness & Mutations

You have a pair of horns on your head.
You reflexively headbutt those who attack you in melee.


Message History

Something hits you but does no damage.
You feel sick.
The orc shouts! x2
Cornered, the killer bee turns to fight!
The killer bee barely misses you. You furiously retaliate!
You headbutt the killer bee!
The killer bee stings you but does no damage.
You barely miss the killer bee.
The killer bee is almost dead.
You feel sick.
The killer bee stings you but does no damage.
Something hits you.
* * * LOW HITPOINT WARNING * * *
Unknown command.
You sock the killer bee!
You kill the killer bee!
Okawaru accepts your kill.
You feel sick.
You are no longer poisoned.
The killer bee stings you but does no damage.
The killer bee stings you.
* * * LOW HITPOINT WARNING * * *
Something hits you but does no damage.
A red film seems to cover your vision as you go berserk!
You feel yourself moving faster!
You feel mighty!
The killer bee buzzes angrily.
The killer bee barely misses you. x2; Something hits you.
* * * LOW HITPOINT WARNING * * *
The orc warrior hits you with a +0 short sword.
* * * LOW HITPOINT WARNING * * *
The killer bee stings you but does no damage.
You barely miss the killer bee.
Your attack snaps the killer bee out of its fear.
The orc priest shouts!
Your headbutt misses the killer bee. You block the killer bee's attack.
The killer bee stings you.
* * * LOW HITPOINT WARNING * * *
You are lethally poisoned!
The killer bee poisons you!
The orc warrior hits you with a +0 short sword!
You die...

......#.#####
............#
......?.....#
##.###......# #
#.{....# ###..########
.
.#.####.###....####o..
...............y..oo..
.#...###.##..{@y###.
### #.######o# #.. ...
##.# ..... .# .......
###########.## .####..
#............# .# .
#............. .o
#.............#


You could see an orc warrior, 2 killer bees, 2 orc priests, an orc wizard and an
orc.

Vanquished Creatures
  Pikel (D:8)
  A wyvern (D:4)
  A water moccasin (D:7)
  3 orc warriors
  A sky beast (D:7)
  3 black bears
  An ogre (D:6)
  A centaur (D:4)
  3 lemures (D:7)
  A phantom (D:5)
  3 bullfrogs
  A kobold brigand (D:5)
  A scorpion (D:5)
  7 killer bees
  A howler monkey (D:7)
  A jelly (D:4)
  3 orc priests
  A gnoll shaman (D:7)
  2 hounds
  Crazy Yiuf (D:3)
  An iguana (D:5)
  7 orc wizards
  A mummy (Ossuary)
  7 gnolls
  4 river rats (D:5)
  8 adders
  A shadow imp (D:8)
  3 white imps
  An ufetubus (D:6)
  4 worms
  2 dart slugs (D:1)
  19 orcs
  2 spectral bats (Ossuary)
  9 endoplasms
  5 giant cockroaches
  12 gnoll zombies (Ossuary)
  9 goblins
  7 hobgoblins
  4 jackals (D:1)
  11 kobolds
  5 quokkas
  7 ball pythons
  6 bats
  3 bat simulacra (Ossuary)
  5 frilled lizards
  3 goblin simulacra (Ossuary)
  7 goblin zombies (Ossuary)
  5 hobgoblin zombies (Ossuary)
  2 kobold simulacra (Ossuary)
  4 kobold zombies (Ossuary)
  2 orc zombies (Ossuary)
  4 rats
  6 rat simulacra (Ossuary)
  3 spectral goblins (Ossuary)
  A spectral hobgoblin (D:2)
  3 spectral kobolds (Ossuary)
  2 spectral rats (Ossuary)
222 creatures vanquished.

Vanquished Creatures (others)
  9 plants (D:5)
9 creatures vanquished.

Grand Total: 231 creatures vanquished

Notes
Turn   | Place    | Note
-------+----------+-------------------------------------------
     0 | D:1      | dianekeaton the Minotaur Fighter began the quest for the
                  | Orb.
     0 | D:1      | Reached XP level 1. HP: 19/19 MP: 0/0
   154 | D:1      | Reached skill level 3 in Maces & Flails
   243 | D:1      | Reached XP level 2. HP: 24/26 MP: 1/1
   442 | D:1      | Reached skill level 4 in Maces & Flails
   491 | D:1      | Reached XP level 3. HP: 26/31 MP: 2/2
  1046 | D:1      | Identified a scroll of acquirement
  1048 | D:1      | Acquired the +4 pair of gloves "Damat" {rC+ Stlth+}
  1268 | D:2      | Reached skill level 5 in Maces & Flails
  1583 | D:2      | Reached XP level 4. HP: 31/39 MP: 3/3
  1711 | D:2      | Found a faded altar of an unknown god.
  2152 | D:3      | Found a burning altar of Makhleb.
  2402 | D:3      | Found a runed translucent door.
  2403 | D:3      | Noticed Crazy Yiuf
  2413 | D:3      | Killed Crazy Yiuf
  2414 | D:3      | Reached skill level 6 in Maces & Flails
  2709 | D:3      | Found an opulent altar of Gozag.
  2772 | D:3      | Reached XP level 5. HP: 45/45 MP: 4/4
  3427 | D:4      | Found an ornate altar of the Wu Jian Council.
  3429 | D:4      | Noticed a centaur
  3429 | D:4      | Noticed a wyvern
  3436 | D:4      | Reached skill level 7 in Maces & Flails
  3560 | D:5      | Entered Level 5 of the Dungeon
  3560 | D:5      | Found Soquad's Jewellery Shop.
  3578 | D:5      | Noticed a phantom
  3590 | D:5      | Killed a phantom
  3591 | D:5      | Reached XP level 6. HP: 39/51 MP: 5/5
  3706 | D:5      | Reached skill level 8 in Maces & Flails
  3809 | D:5      | Found a hide-covered altar of Uskayaw.
  4244 | D:5      | Reached skill level 9 in Maces & Flails
  4248 | D:5      | Reached XP level 7. HP: 54/57 MP: 6/6
  4467 | D:5      | Reached skill level 1 in Throwing
  4506 | D:5      | Reached skill level 10 in Maces & Flails
  4986 | D:6      | Noticed Menkaure
  5611 | D:6      | Found a staircase to the Ecumenical Temple.
  5624 | Temple   | Entered the Ecumenical Temple
  5653 | Temple   | Became a worshipper of Warmaster Okawaru
  6138 | D:4      | Reached XP level 8. HP: 58/64 MP: 7/7
  6327 | D:4      | Identified the +7 mace of Evisceration {speed, rN+ Will+
                  | Int+2}
  6446 | D:4      | Reached skill level 11 in Maces & Flails
  6995 | D:7      | Reached skill level 12 in Maces & Flails
  7146 | D:7      | Found Maifamerph's Antique Armour Emporium.
  7216 | D:7      | Reached * piety under Okawaru
  7357 | D:7      | Reached skill level 13 in Maces & Flails
  7474 | D:7      | Found a sand-covered staircase.
  7483 | Ossuary  | Entered an ossuary
  7903 | Ossuary  | Reached XP level 9. HP: 70/70 MP: 8/8
  8240 | D:7      | Reached skill level 14 in Maces & Flails
  8569 | D:8      | Noticed Pikel
  8605 | D:8      | Killed Pikel
  8605 | D:8      | Reached ** piety under Okawaru
  8703 | D:8      | Reached skill level 15 in Maces & Flails
  8929 | D:8      | Noticed Gastronok
  8969 | D:8      | Noticed Erica
  9005 | D:8      | HP: 5/105 [killer bee (2)]
  9005 | D:8      | Slain by an orc warrior

Illustrated notes

Levels and vault maps discovered:
D:1:      dpeg_arrival_rhombi, layout_basic
D:2:      layout_basic, dreamdust_ecumenical_altar_drowned_temple,
          serial_corexii_hall, corexii_hall_statues_l, corexii_hall_statues_u,
          chequers_hall_statues_wall_a, chequers_hall_statues_wall_a
D:3:      layout_loops_ring, grunt_gozag_statues,
          mainiacjoe_overflow_six_doors_small, minmay_goblin_kobold_house,
          uniq_crazy_yiuf_cottage
D:4:      layout_loops_ring, mainiacjoe_overflow_cross_hatched
D:5:      wad_woods_stonehenge, layout_loops_ring, serial_shops,
          nicolae_shop_crystal
D:6:      layout_basic, gammafunk_temple_overflow_statue,
          minmay_temple_entry_mist, uniq_menkaure
D:7:      layout_rooms, serial_shops, nicolae_diamond_shop,
          lightli_ossuary_entry_decrepit_ruins, grunt_ministairs_9
D:8:      layout_basic, hex_tiny, uniq_erica, uniq_pikel, uniq_gastronok
Temple:   eino_temple_scatter_basement

Skill      XL: |  1  2  3  4  5  6  7  8  9 |
---------------+----------------------------+-----
Maces & Flails | 3 4 5 6 7 9 10 13 15 | 15.2
Throwing       | 2 3 |  3.0
Fighting       | |  3.6
Armour         | |  3.6
Dodging        | |  0.7
Shields        | |  3.6

Action                   |  1- 3 |  4- 6 |  7- 9 || total
-------------------------+-------+-------+-------++-------
Melee: Flail             |    76 |   187 |    49 ||   312
       Headbutt          |    10 |    23 |    38 ||    71
       Mace              |       |       |   253 ||   253
Throw: Stone             |       |     6 |       ||     6
       Dart              |       |     8 |     8 ||    16
       Throwing net      |       |     1 |     2 ||     3
  Use: Scroll            |     3 |     6 |    13 ||    22
       Potion            |       |     4 |     6 ||    10
 Stab: Held in net/web   |       |     1 |       ||     1
Armor: Scale mail        |    40 |   101 |    30 ||   171
       Chain mail        |       |       |   152 ||   152
Dodge: Dodged            |    35 |    77 |    86 ||   198
Block: Buckler           |    18 |    40 |    81 ||   139

Table legend: (Time is in decaauts)
 A = Elapsed time spent in this place.
 B = Non-inter-level travel time spent in this place.
 C = Inter-level travel time spent in this place.
 D = Time resting spent in this place.
 E = Time spent auto-exploring this place.
 F = Levels seen in this place.
 G = Mean time per level.
                   A        B        C        D        E       F      G
               +--------+--------+--------+--------+--------+-----+--------+
         Total |   8954 |   8502 |    452 |   1798 |   3610 |  10 |  895.4 |
       Dungeon |   8348 |   7896 |    452 |   1621 |   3560 |   8 | 1043.5 |
        Temple |    201 |    201 |      0 |    138 |      0 |   1 |  201.0 |
       Ossuary |    404 |    404 |      0 |     39 |     50 |   1 |  404.0 |
               +--------+--------+--------+--------+--------+-----+--------+

Top non-repeatable levels by time:
     D:5: 2053 daAuts
     D:3: 1283 daAuts
     D:1: 1199 daAuts
     D:7: 1003 daAuts
     D:2: 964 daAuts
     D:4: 877 daAuts
     D:6: 556 daAuts
     D:8: 409 daAuts
 Ossuary: 404 daAuts
  Temple: 201 daAuts
